[Event "LAT-ch 2020"]
[Site "Riga"]
[Date "2020.08.28"]
[Round "6.3"]
[White "Batashevs, Arsens"]
[Black "Sveshnikov, Vladimir"]
[Result "1-0"]
[ECO "B12"]
[WhiteElo "2149"]
[BlackElo "2426"]
[Annotator "ChessBase"]
[PlyCount "53"]
[EventDate "2020.08.24"]
[EventType "swiss"]
[EventCountry "LAT"]
[SourceTitle "playchess.com"]
[Source "ChessBase"]
[SourceQuality "1"]
[TimeControl "5400+30"]

1. e4 c6 2. d4 d5 3. e5 Bf5 4. h4 h5 5. Bg5 Qb6 6. Bd3 Bxd3 7. Qxd3 e6 8. Nd2 c5 9. c4 Qxb2 10. Rb1 Qxd4 11. Qb3 Qxe5+ 12. Ne2 Nd7 13. Bf4 Qf5 14. Qxb7 Rd8 15. Bc7 d4 16. Bxd8 Kxd8 17. Qa8+ Ke7 18. Qe4 Qxe4 19. Nxe4 Ngf6 20. Ng5 g6 21. Rh3 Bh6 22. Ra3 Bxg5 23. hxg5 Ne4 24. Rxa7 Rd8 25. Nf4 Nxg5 26. Nd3 Kf6 27. f4 1-0

[Event "LAT-ch 2020"]
[Site "Riga"]
[Date "2020.08.28"]
[Round "6.4"]
[White "Osis, Renars"]
[Black "Berzinsh, Roland"]
[Result "0-1"]
[ECO "D02"]
[WhiteElo "2115"]
[BlackElo "2378"]
[Annotator "ChessBase"]
[PlyCount "62"]
[EventDate "2020.08.24"]
[EventType "swiss"]
[EventCountry "LAT"]
[SourceTitle "playchess.com"]
[Source "ChessBase"]
[SourceQuality "1"]
[TimeControl "5400+30"]

1. d4 d5 2. Nf3 Nf6 3. Bf4 c5 4. e3 Nc6 5. c3 Qb6 6. Na3 a6 7. Qb3 Qa5 8. Ne5 e6 9. dxc5 Nxe5 10. Bxe5 Nd7 11. Bf4 Nxc5 12. Qc2 f6 13. f3 e5 14. Bg3 Be6 15. Bf2 Rc8 16. Be2 Be7 17. O-O O-O 18. Rfd1 b5 19. Qd2 Na4 20. Nb1 Rfd8 21. Kf1 Qc7 22. Qc2 Bf7 23. Bd3 e4 24. fxe4 dxe4 25. Be2 Rxd1+ 26. Bxd1 Qxh2 27. Qxe4 Rd8 28. Bc2 Bc4+ 29. Qxc4+ bxc4 30. Bxa4 Qh1+ 31. Bg1 Bc5 0-1

[Event "LAT-ch 2020"]
[Site "Riga"]
[Date "2020.08.29"]
[Round "7.1"]
[White "Lanka, Zigurds"]
[Black "Batashevs, Arsens"]
[Result "1-0"]
[ECO "B07"]
[WhiteElo "2391"]
[BlackElo "2149"]
[Annotator "ChessBase"]
[PlyCount "91"]
[EventDate "2020.08.24"]
[EventType "swiss"]
[EventCountry "LAT"]
[SourceTitle "playchess.com"]
[Source "ChessBase"]
[SourceQuality "1"]
[TimeControl "5400+30"]

1. e4 d6 2. d4 Nf6 3. Nc3 c6 4. f4 Qa5 5. Bd3 e5 6. Nf3 exd4 7. Nxd4 g6 8. Nb3 Qb6 9. Qf3 Bg7 10. Be3 Qc7 11. h3 O-O 12. O-O Nbd7 13. a4 b6 14. Qf2 a6 15. Qh4 c5 16. Nd2 Bb7 17. f5 d5 18. Bf4 Qd8 19. exd5 Nxd5 20. Bg5 Qc7 21. Nxd5 Bxd5 22. f6 Bh8 23. Nc4 Rfe8 24. Ne3 Rxe3 25. Bxe3 Qe5 26. Qg5 Qxg5 27. Bxg5 h6 28. Bxh6 Bxf6 29. c3 Bb3 30. Be4 Ra7 31. Bc6 Bg7 32. Bxg7 Kxg7 33. a5 b5 34. Rae1 Nf6 35. Re5 Rc7 36. Bf3 c4 37. Rfe1 Rd7 38. Re7 Rd2 39. Ra7 Rxb2 40. Ree7 b4 41. Rxf7+ Kh6 42. Rxf6 bxc3 43. Be4 Kg5 44. Raf7 Bd1 45. Rxg6+ Kh4 46. Rh7+ 1-0

[Event "LAT-ch 2020"]
[Site "Riga"]
[Date "2020.08.29"]
[Round "7.2"]
[White "Berzinsh, Roland"]
[Black "Semjonovs, Ilja"]
[Result "0-1"]
[ECO "B51"]
[WhiteElo "2378"]
[BlackElo "2368"]
[Annotator "ChessBase"]
[PlyCount "90"]
[EventDate "2020.08.24"]
[EventType "swiss"]
[EventCountry "LAT"]
[SourceTitle "playchess.com"]
[Source "ChessBase"]
[SourceQuality "1"]
[TimeControl "5400+30"]

1. e4 c5 2. Nf3 d6 3. Bb5+ Nd7 4. d4 cxd4 5. Qxd4 a6 6. Bxd7+ Qxd7 7. Nc3 e5 8. Qd3 h6 9. Nd5 Qc6 10. a4 Ne7 11. c4 f5 12. O-O fxe4 13. Qxe4 Bf5 14. Qe2 Nxd5 15. Nd4 Nf4 16. Bxf4 Qe4 17. Qxe4 Bxe4 18. Rfe1 Bd3 19. Ra3 Bxc4 20. Rc3 Bg8 21. Nf3 g5 22. Bxe5 dxe5 23. Nxe5 Rh7 24. Nc4+ Kf7 25. Ne5+ Kf6 26. Rf3+ Kg7 27. h4 gxh4 28. Re4 Be6 29. Rxh4 Bd6 30. Rg3+ Kf6 31. Rh5 Bxe5 32. Rf3+ Ke7 33. Rxe5 Kd6 34. Rh5 Rg8 35. Rd3+ Ke7 36. f4 Rf8 37. g3 Rf5 38. Rh2 h5 39. Re2 Kf6 40. Rd6 Re7 41. Re4 Kf7 42. Kf2 Bd5 43. Rxe7+ Kxe7 44. Rh6 Bc6 45. b3 Kf7 0-1

[Event "LAT-ch 2020"]
[Site "Riga"]
[Date "2020.08.29"]
[Round "7.3"]
[White "Kantans, Toms"]
[Black "Starostits, Ilmars"]
[Result "1-0"]
[ECO "B33"]
[WhiteElo "2499"]
[BlackElo "2484"]
[Annotator "ChessBase"]
[PlyCount "71"]
[EventDate "2020.08.24"]
[EventType "swiss"]
[EventCountry "LAT"]
[SourceTitle "playchess.com"]
[Source "ChessBase"]
[SourceQuality "1"]
[TimeControl "5400+30"]

1. e4 c5 2. Nf3 Nc6 3. d4 cxd4 4. Nxd4 Qb6 5. Nb3 Nf6 6. Nc3 e6 7. Qe2 Bb4 8. Bd2 a5 9. a3 Bxc3 10. Bxc3 e5 11. O-O-O O-O 12. g4 a4 13. g5 Ng4 14. Qxg4 axb3 15. Qe2 bxc2 16. Kxc2 d6 17. Rd2 Bd7 18. Qe3 Qc7 19. Kb1 Be6 20. Bb5 f5 21. Rhd1 fxe4 22. Rxd6 Nd4 23. Rxe6 Nxe6 24. Qxe4 Nd4 25. Bd3 g6 26. Re1 Rae8 27. Qd5+ Rf7 28. Bc4 Nf3 29. Re3 Nxg5 30. Rxe5 Rxe5 31. Bxe5 Qe7 32. f4 Nh3 33. Qd3 Nf2 34. Qe2 Qc5 35. b4 Qa7 36. Qd2 1-0

[Event "LAT-ch 2020"]
[Site "Riga"]
[Date "2020.08.29"]
[Round "7.4"]
[White "Brikers, Aleksandrs"]
[Black "Jazdanovs, Aleksandrs"]
[Result "0-1"]
[ECO "C55"]
[WhiteElo "2059"]
[BlackElo "2248"]
[Annotator "ChessBase"]
[PlyCount "96"]
[EventDate "2020.08.24"]
[EventType "swiss"]
[EventCountry "LAT"]
[SourceTitle "playchess.com"]
[Source "ChessBase"]
[SourceQuality "1"]
[TimeControl "5400+30"]

1. e4 e5 2. Nf3 Nc6 3. Bc4 Nf6 4. d3 h6 5. O-O d6 6. c3 g5 7. d4 g4 8. dxe5 gxf3 9. exf6 fxg2 10. Re1 Ne5 11. Be2 Qxf6 12. f4 Ng6 13. Qd4 Qh4 14. Qf2 Be7 15. Qg3 Rg8 16. Be3 Nf8 17. Qxh4 Bxh4 18. Rd1 Bd7 19. Nd2 Bc6 20. Bf3 O-O-O 21. a4 Bf6 22. Re1 Ng6 23. Re2 Nh4 24. Bd4 Bxd4+ 25. cxd4 Nxf3+ 26. Nxf3 f5 27. d5 fxe4 28. dxc6 exf3 29. cxb7+ Kxb7 30. Rf2 Rdf8 31. Rxf3 Rg4 32. f5 Rg5 33. f6 Rg6 34. f7 Rg7 35. Re1 Rfxf7 36. Rxf7 Rxf7 37. Kxg2 Rf6 38. Kg3 d5 39. h4 Kc6 40. Rc1+ Kd6 41. b4 c6 42. Kg4 Ke5 43. b5 cxb5 44. axb5 d4 45. Ra1 d3 46. Rxa7 d2 47. Ra1 Kd4 48. Ra8 d1=Q+ 0-1

[Event "LAT-ch 2020"]
[Site "Riga"]
[Date "2020.08.29"]
[Round "8.1"]
[White "Jazdanovs, Aleksandrs"]
[Black "Lanka, Zigurds"]
[Result "0-1"]
[ECO "B42"]
[WhiteElo "2248"]
[BlackElo "2391"]
[Annotator "ChessBase"]
[PlyCount "32"]
[EventDate "2020.08.24"]
[EventType "swiss"]
[EventCountry "LAT"]
[SourceTitle "playchess.com"]
[Source "ChessBase"]
[SourceQuality "1"]
[TimeControl "5400+30"]

1. e4 c5 2. Nf3 e6 3. d4 cxd4 4. Nxd4 a6 5. Bd3 Bc5 6. Nb3 Ba7 7. O-O Nc6 8. Qg4 Nf6 9. Qxg7 Rg8 10. Qh6 d6 11. Nc3 Ne5 12. Kh1 Nfg4 13. Qxh7 Kd7 14. Bf4 Rh8 15. Qg7 Rxh2+ 16. Bxh2 Qh4 0-1

[Event "LAT-ch 2020"]
[Site "Riga"]
[Date "2020.08.29"]
[Round "8.2"]
[White "Sveshnikov, Vladimir"]
[Black "Kantans, Toms"]
[Result "1-0"]
[ECO "B22"]
[WhiteElo "2426"]
[BlackElo "2499"]
[Annotator "ChessBase"]
[PlyCount "113"]
[EventDate "2020.08.24"]
[EventType "swiss"]
[EventCountry "LAT"]
[SourceTitle "playchess.com"]
[Source "ChessBase"]
[SourceQuality "1"]
[TimeControl "5400+30"]

1. e4 c5 2. c3 Nf6 3. e5 Nd5 4. d4 cxd4 5. Nf3 Nc6 6. Bc4 Nb6 7. Bb3 d6 8. exd6 Qxd6 9. O-O e6 10. cxd4 Be7 11. Nc3 O-O 12. Qd3 Nb4 13. Qe4 N6d5 14. Bg5 h6 15. Nxd5 Nxd5 16. Bc2 f5 17. Bxe7 Nxe7 18. Qe5 Rd8 19. Bb3 Kf8 20. Qe2 Bd7 21. Rfe1 Rac8 22. Rad1 Nd5 23. Ne5 Be8 24. Qf3 Rc7 25. Rc1 Rxc1 26. Rxc1 Qb4 27. Rd1 a5 28. Nd3 Qd6 29. a3 b6 30. Ne5 Nf6 31. Qb7 Rb8 32. Qa7 Rc8 33. h3 Ne4 34. Ba4 Qc7 35. Qxc7 Rxc7 36. Bb3 Ke7 37. f3 Nd6 38. a4 g5 39. Re1 Kf6 40. Kf2 b5 41. Nd3 Bf7 42. Nc5 bxa4 43. Bxe6 Nb5 44. Bxf7 Kxf7 45. Nxa4 Nxd4 46. Nc3 Rb7 47. Nd1 f4 48. Re5 a4 49. Re4 Rd7 50. Nc3 Nf5 51. Nxa4 Ne3 52. Nc3 Rd2+ 53. Ne2 Rxb2 54. g3 Nd5 55. gxf4 Nxf4 56. h4 gxh4 57. Rxf4+ 1-0

[Event "LAT-ch 2020"]
[Site "Riga"]
[Date "2020.08.29"]
[Round "8.3"]
[White "Semjonovs, Ilja"]
[Black "Golubovskis, Maksims"]
[Result "1/2-1/2"]
[ECO "B90"]
[WhiteElo "2368"]
[BlackElo "2234"]
[Annotator "ChessBase"]
[PlyCount "45"]
[EventDate "2020.08.24"]
[EventType "swiss"]
[EventCountry "LAT"]
[SourceTitle "playchess.com"]
[Source "ChessBase"]
[SourceQuality "1"]
[TimeControl "5400+30"]

1. e4 c5 2. Nf3 d6 3. d4 cxd4 4. Nxd4 Nf6 5. Nc3 a6 6. f3 e5 7. Nb3 Be7 8. Be3 Be6 9. Qd2 Nbd7 10. g4 Rc8 11. g5 Nh5 12. O-O-O b5 13. Kb1 Nb6 14. Qf2 Nc4 15. Bxc4 bxc4 16. Bb6 Qd7 17. Nc5 Qc6 18. Nxa6 Qb7 19. Nb4 Rb8 20. Ncd5 Bxd5 21. Nxd5 Bd8 22. Bd4 exd4 23. Qxd4 1/2-1/2

[Event "LAT-ch 2020"]
[Site "Riga"]
[Date "2020.08.29"]
[Round "8.4"]
[White "Jankovskis, Guntis"]
[Black "Berzinsh, Roland"]
[Result "1-0"]
[ECO "D02"]
[WhiteElo "2256"]
[BlackElo "2378"]
[Annotator "ChessBase"]
[PlyCount "41"]
[EventDate "2020.08.24"]
[EventType "swiss"]
[EventCountry "LAT"]
[SourceTitle "playchess.com"]
[Source "ChessBase"]
[SourceQuality "1"]
[TimeControl "5400+30"]

1. Nf3 d5 2. d4 Nf6 3. g3 c5 4. Bg2 cxd4 5. O-O h6 6. b3 e6 7. Bb2 Bc5 8. Nxd4 Qb6 9. e3 O-O 10. c4 e5 11. Nf3 e4 12. Nd4 Bg4 13. Qc2 dxc4 14. bxc4 Nbd7 15. Nd2 Rfe8 16. Nxe4 Nxe4 17. Bxe4 Bh3 18. Rfb1 Rab8 19. Bh7+ Kf8 20. Bf5 Bxd4 21. Ba3+ 1-0

[Event "LAT-ch 2020"]
[Site "Riga"]
[Date "2020.08.30"]
[Round "9.2"]
[White "Semjonovs, Ilja"]
[Black "Sveshnikov, Vladimir"]
[Result "1/2-1/2"]
[ECO "B15"]
[WhiteElo "2368"]
[BlackElo "2426"]
[Annotator "ChessBase"]
[PlyCount "102"]
[EventDate "2020.08.24"]
[EventType "swiss"]
[EventCountry "LAT"]
[SourceTitle "playchess.com"]
[Source "ChessBase"]
[SourceQuality "1"]
[TimeControl "5400+30"]

1. e4 c6 2. d4 d5 3. Nc3 dxe4 4. Nxe4 Nf6 5. Nxf6+ exf6 6. Nf3 Bd6 7. c3 O-O 8. Be3 Re8 9. Be2 Nd7 10. O-O f5 11. Bd3 Nf6 12. Bg5 h6 13. Bxf6 Qxf6 14. Bc4 b5 15. Bb3 Bb7 16. Re1 c5 17. dxc5 Bxc5 18. Qd7 Bc6 19. Bxf7+ Kh8 20. Bxe8 Bxd7 21. Bxd7 Rd8 22. Rad1 b4 23. cxb4 Bxb4 24. Re5 Qa6 25. Red5 g6 26. h4 Be7 27. h5 gxh5 28. Ne5 Rf8 29. Bb5 Qe6 30. Bc4 Kg7 31. Rb5 Qc8 32. Rd7 Kf6 33. Rbb7 Kxe5 34. Rxe7+ Kd4 35. Rbd7+ Kxc4 36. Rc7+ Kd3 37. Rxc8 Rxc8 38. Rxa7 Rc1+ 39. Kh2 Rc2 40. b4 Rxf2 41. Kg3 Rb2 42. a3 Ke4 43. Re7+ Kd4 44. Ra7 Ke4 45. Re7+ Kd4 46. Re6 Rb3+ 47. Kf4 Rxa3 48. Re2 Kc4 49. Rb2 Kb5 50. Kxf5 Rg3 51. Kf4 Rg4+ 1/2-1/2

[Event "LAT-ch 2020"]
[Site "Riga"]
[Date "2020.08.30"]
[Round "9.3"]
[White "Kantans, Toms"]
[Black "Jankovskis, Guntis"]
[Result "1-0"]
[ECO "B15"]
[WhiteElo "2499"]
[BlackElo "2256"]
[Annotator "ChessBase"]
[PlyCount "77"]
[EventDate "2020.08.24"]
[EventType "swiss"]
[EventCountry "LAT"]
[SourceTitle "playchess.com"]
[Source "ChessBase"]
[SourceQuality "1"]
[TimeControl "5400+30"]

1. e4 g6 2. d4 Bg7 3. Nc3 c6 4. Be3 d5 5. Qd2 a6 6. Nf3 b5 7. exd5 cxd5 8. a4 b4 9. Na2 a5 10. c3 bxc3 11. Nxc3 Nf6 12. Bb5+ Bd7 13. Ne5 O-O 14. O-O Bf5 15. Rfc1 Ne4 16. Nxe4 Bxe4 17. Ra3 f6 18. Nd3 Bxd3 19. Qxd3 Qb6 20. Rac3 f5 21. Rc5 f4 22. Bd2 e6 23. g3 fxg3 24. hxg3 Ra7 25. Be3 Raf7 26. Qc3 Qd6 27. Rc8 e5 28. Rxf8+ Rxf8 29. Qxa5 exd4 30. Bf4 Qe6 31. Re1 Qf5 32. Qd2 Nd7 33. Re7 Ne5 34. Rxg7+ Kxg7 35. Qxd4 Kf6 36. Qxd5 Qe6 37. Qe4 Nf7 38. Qd4+ Ne5 39. Bh6 1-0

[Event "LAT-ch 2020"]
[Site "Riga"]
[Date "2020.08.30"]
[Round "9.4"]
[White "Mierins, Eriks"]
[Black "Stepins, Edgars"]
[Result "1/2-1/2"]
[ECO "B80"]
[WhiteElo "2199"]
[BlackElo "2284"]
[Annotator "ChessBase"]
[PlyCount "160"]
[EventDate "2020.08.24"]
[EventType "swiss"]
[EventCountry "LAT"]
[SourceTitle "playchess.com"]
[Source "ChessBase"]
[SourceQuality "1"]
[TimeControl "5400+30"]

1. e4 c5 2. Nf3 d6 3. d4 cxd4 4. Nxd4 Nf6 5. Nc3 a6 6. Be3 b5 7. f3 Bb7 8. Qd2 e6 9. a4 b4 10. Na2 d5 11. e5 Nfd7 12. f4 Nc5 13. c3 Ne4 14. Qc2 bxc3 15. bxc3 Nd7 16. Be2 g6 17. Rb1 Qc7 18. O-O Be7 19. c4 O-O 20. Nc3 Nxc3 21. Qxc3 dxc4 22. Qxc4 Qxc4 23. Bxc4 Be4 24. Nxe6 Rfc8 25. Rbc1 h6 26. Nd4 Nc5 27. f5 Nd3 28. fxg6 Bxg6 29. e6 Nxc1 30. exf7+ Kh7 31. Rxc1 Ba3 32. Rc3 Bb2 33. f8=Q Rxf8 34. Rb3 Rab8 35. Rxb8 Rxb8 36. Bxa6 Rb4 37. Ne6 Bf5 38. Nf4 Rb3 39. Kf2 Be4 40. Be2 Be5 41. Ne6 Rb2 42. Bd4 Bxd4+ 43. Nxd4 Rb4 44. Ne6 Bd5 45. Nc7 Bc6 46. a5 Rb2 47. g4 Kg7 48. a6 Ra2 49. Ke3 Kf6 50. Bc4 Ra3+ 51. Kd4 Kg5 52. Kc5 Bf3 53. Kb6 Kxg4 54. Be6+ Kh4 55. a7 h5 56. Nd5 Ra1 57. Nc7 Kg5 58. Bd5 Bxd5 59. Nxd5 Kg4 60. Nb4 Rxa7 61. Kxa7 Kh3 62. Nd3 h4 63. Nf4+ Kg4 64. Ng6 h3 65. Kb6 Kg5 66. Ne7 Kf4 67. Kc5 Kf3 68. Kd4 Kf4 69. Nd5+ Kf3 70. Nf6 Kf4 71. Ne4 Kf3 72. Nd2+ Ke2 73. Nb3 Kf3 74. Nc5 Kf4 75. Kd3 Kf3 76. Kd2 Kf2 77. Ne6 Kg2 78. Ke2 Kxh2 79. Kf2 Kh1 80. Nd4 h2 1/2-1/2